 Seeded DCSS version 0.30.1-11-g7821555f0a (webtiles) character file.

Game seed: 5 (custom seed)

2729 Kazon the Shooter (level 9, -4/60 (70) HPs)
             Began as a Demonspawn Gladiator on Jan 8, 2024.
             Was an Elder of Okawaru.
             Slain by a wight
             ... wielding a +4 trident
              (7 damage)
             ... on level 7 of the Dungeon.
             The game lasted 00:22:36 (4282 turns).

Kazon the Shooter (Demonspawn Gladiator)            Turns: 4282, Time: 00:22:37

HP:   -4/60 (70)    AC:  4    Str: 17    XL:     9   Next: 40%
MP:   0/22          EV: 14    Int:  9    God:    Okawaru [****..]
Gold: 329           SH:  0    Dex: 23    Spells: 8/8 levels left

rFire   . . .        w - +6 triple crossbow (freeze)
rCold   . . .        (shield currently unavailable)
rNeg    . . .        b - +0 leather armour
rPois   .            (helmet unavailable)
rElec   .            (no cloak)
rCorr   .            (no gloves)
SInv    +            (no boots)
Will    .....        E - amulet of guardian spirit
Stlth   +++          s - ring of magical power
HPRegen 0.30/turn    y - +6 ring of dexterity
MPRegen 0.18/turn

%: guardian spirit
@: heavily drained
A: antennae 3, rugged brown scales 1, powered by death 2
a: Renounce Religion, Heroism, Finesse


You were on level 7 of the Dungeon.
You worshipped Okawaru.
Okawaru was greatly pleased with you.
You visited 2 branches of the dungeon, and saw 8 of its levels.
You also visited: Ossuary.

You collected 329 gold pieces.

Inventory:

Hand Weapons
 a - a +0 flail
 e - a +2 vampiric dagger
 f - a +0 hand axe of flaming
 v - a +0 vampiric hand axe
 w - a +6 triple crossbow of freezing (weapon)
Missiles
 d - 3 throwing nets
 g - 35 stones
 j - 11 boomerangs
 l - 11 poisoned darts
 r - a javelin
Armour
 b - a +0 leather armour (worn)
 c - a +0 tower shield
Jewellery
 s - a ring of magical power (left hand)
 y - a +6 ring of dexterity (right hand)
 E - an amulet of guardian spirit (around neck)
Wands
 C - a wand of paralysis (8)
Scrolls
 h - a scroll of fog {unknown}
 n - a scroll of blinking {unknown}
 o - a scroll of summoning
 p - 4 scrolls of identify {unknown}
 q - 2 scrolls of magic mapping {unknown}
 t - 2 scrolls of teleportation {unknown}
 z - a scroll of amnesia {unknown}
 B - a scroll of torment {unknown}
 G - a scroll of poison {unknown}
 H - a scroll of enchant armour {unknown}
 L - 2 scrolls of fear {unknown}
 M - a scroll of enchant weapon {unknown}
Potions
 i - 2 potions of invisibility {unknown}
 k - 5 potions of curing {unknown}
 m - 2 potions of magic {unknown}
 u - 5 potions of flight {unknown}
 x - 4 potions of heal wounds {unknown}
 A - a potion of resistance {unknown}
 D - a potion of lignification {unknown}
 I - 2 potions of berserk rage {unknown}
 J - a potion of haste {unknown}
 K - 2 potions of brilliance {unknown}


   Skills:
 + Level 5.1 Fighting
 + Level 2.0(2.8) Axes
 + Level 2.9(3.3) Maces & Flails
 + Level 6.6 Ranged Weapons
 + Level 2.3 Throwing
 + Level 3.3 Armour
 + Level 3.6 Dodging
 + Level 3.7 Stealth
 + Level 1.4 Shields
 * Level 5.8 Invocations
 * Level 3.2 Evocations


You had 8 spell levels left.
You didn't know any spells.
Your spell library contained the following spells:

 Spells                   Type           Power      Damage    Failure   Level
 Frozen Ramparts          Ice            0%         1d1       82%         3
 Ignite Poison            Fire/Tmut/Pois 0%         N/A       82%         3
 Ice Form                 Ice/Tmut       0%         N/A       99%         4
 Sticky Flame             Conj/Fire      0%         2d3       99%         4
 Eringya's Noxious Bog    Tmut/Pois      0%         N/A       100%        6
 Ignition                 Fire           0%         3d3       100%        8
 Summon Ice Beast         Ice/Summ       Unusable   N/A       N/A         4
 Summon Forest            Summ/Tloc      Unusable   N/A       N/A         5
 Summon Hydra             Summ           Unusable   N/A       N/A         7

Dungeon Overview and Level Annotations

Branches:
Dungeon (7/15)             Temple (1/1) D:4         Ossuary (visited)

Altars:
Dithmenos
Fedhas
Gozag
Hepliaklqana
Okawaru
Qazlal
Trog
Uskayaw
Wu Jian
Xom


Innate Abilities, Weirdness & Mutations

You have a pair of large antennae on your head. (SInv)
You are partially covered in rugged brown scales. (AC +1, +3% HP)
You regenerate health from kills.


Message History

Press: ? - help, Q - select action, (/) - cycle Shift-Dir - straight line, f - wight
Aim: a wight, wielding a +4 trident and wearing a +0 robe (dormant, 98% to hit)
You shoot a bolt. The bolt closely misses the wight.
The bolt hits the wight!
The wight is heavily damaged.
The wight misses you.
You shoot a bolt. The bolt hits the wight!
The wight is heavily damaged.
The wight hits you with a +3 mace!
You feel drained. The wight closely misses you.
The wight hits you with a +3 mace.
You feel drained. The wight barely misses you.
You shoot a bolt. The bolt hits the wight!!
You destroy the wight!
Okawaru accepts your kill.
The wight hits you from afar with a +4 trident! x2
Your Fighting skill increases to level 5!
Fire: w) +6 triple crossbow (freeze)
Press: ? - help, Q - select action, (/) - cycle Shift-Dir - straight line, f - wight
Aim: a wight, wielding a +4 trident and wearing a +0 robe (heavily damaged, 70% to hit)
You shoot a bolt. The bolt hits the wight.
The wight is almost destroyed.
The wight closely misses you.
The wight hits you from afar with a +4 trident!
* * * LOW HITPOINT WARNING * * *
You feel drained.
* * * LOW HITPOINT WARNING * * *
Fire: w) +6 triple crossbow (freeze)
Press: ? - help, Q - select action, (/) - cycle Shift-Dir - straight line, f/p - wight
Aim: a wight, wielding a +4 trident and wearing a +0 robe (almost destroyed, 70% to hit)
You shoot a bolt. The bolt completely misses the wight.
The wight hits you from afar with a +4 trident.
* * * LOW HITPOINT WARNING * * *
You feel drained.
* * * LOW HITPOINT WARNING * * *
The wight misses you.
Fire: w) +6 triple crossbow (freeze)
Press: ? - help, Q - select action, (/) - cycle Shift-Dir - straight line, f/p - wight
Aim: a wight, wielding a +4 trident and wearing a +0 robe (almost destroyed, 70% to hit)
You shoot a bolt. The bolt barely misses the wight.
The wight hits you from afar with a +4 trident!
You die...

#. .# #.# #.# # #. #.#
..# . #.##.# ..#
##.#.##.# ..# ...#.##.#
z.#
##...#.#########).##.##
##...........)).@......#
#.......######.#######.#
........>....#.#
#.......####.#.#
##......# #†..# ##...#.#
#.#># #####.# #.#.# #.#
#.#.##### #.# #........


You could see a wight.

Vanquished Creatures
  Sigmund (D:4)
  Duvessa (D:6)
  A water moccasin (D:6)
  A sky beast (D:7)
  3 black bears
  A centaur (D:6)
  An ogre (D:5)
  An elf zombie (Ossuary)
  A kobold brigand (D:7)
  3 scorpions
  6 wights (D:7)
  Dowan (D:6)
  A howler monkey (D:6)
  A vampire bat (D:7)
  5 hounds
  A centaur zombie (Ossuary)
  3 orc priests (D:6)
  3 human zombies (Ossuary)
  A jelly (D:5)
  6 iguanas
  4 orc wizards (D:6)
  4 ogre zombies (Ossuary)
  7 mummies (Ossuary)
  4 gnolls (D:5)
  9 adders
  A white imp (D:7)
  2 ufetubi
  A worm zombie (D:7)
  2 adder zombies (Ossuary)
  3 worms
  14 orcs
  12 bats
  9 endoplasms
  A giant cockroach (D:1)
  12 goblins
  7 hobgoblins
  11 jackals
  10 kobolds
  3 quokkas (D:4)
  6 ball pythons
  3 frilled lizards
  4 goblin zombies (Ossuary)
  6 hobgoblin zombies
  3 kobold zombies
  4 quokka zombies (Ossuary)
  4 rats
  4 rat zombies (Ossuary)
192 creatures vanquished.

Notes
Turn   | Place    | Note
-------+----------+-------------------------------------------
     0 | D:1      | Kazon the Demonspawn Gladiator began the quest for the Orb.
     0 | D:1      | Reached XP level 1. HP: 16/16 MP: 1/1
    40 | D:1      | Identified a scroll of acquirement
    40 | D:1      | Acquired a +6 triple crossbow of freezing
    67 | D:1      | Gained mutation: You have a pair of small antennae on your
                  | head. [demonic ancestry]
    67 | D:1      | Reached XP level 2. HP: 22/22 MP: 2/2
   384 | D:1      | Gained mutation: You are partially covered in rugged brown
                  | scales. (AC +1, +3% HP) [demonic ancestry]
   384 | D:1      | Reached XP level 3. HP: 22/27 MP: 3/3
   771 | D:2      | Reached skill level 1 in Ranged Weapons
   940 | D:2      | Reached XP level 4. HP: 31/35 MP: 4/4
  1125 | D:2      | Reached skill level 1 in Stealth
  1222 | D:2      | Reached skill level 2 in Ranged Weapons
  1430 | D:3      | Found a blossoming altar of Fedhas.
  1596 | D:3      | Found a stormy altar of Qazlal.
  1687 | D:3      | Identified the +2 sling "Qeuhanocyt" {speed, rElec Str-3
                  | Dex+2}
  1704 | D:3      | Found a faded altar of an unknown god.
  1876 | D:4      | Found a staircase to the Ecumenical Temple.
  1885 | Temple   | Entered the Ecumenical Temple
  1900 | Temple   | Became a worshipper of Warmaster Okawaru
  1940 | D:4      | Reached skill level 1 in Armour
  1953 | D:4      | Noticed a black bear
  1957 | D:4      | Killed a black bear
  1958 | D:4      | Reached skill level 3 in Ranged Weapons
  1958 | D:4      | Reached skill level 1 in Invocations
  1958 | D:4      | Gained mutation: You regenerate a little health from kills.
                  | [demonic ancestry]
  1958 | D:4      | Reached XP level 5. HP: 34/40 MP: 6/6
  1973 | D:4      | Noticed Sigmund
  1976 | D:4      | Killed Sigmund
  1976 | D:4      | Reached * piety under Okawaru
  1977 | D:4      | Gained mutation: You have a pair of antennae on your head.
                  | [demonic ancestry]
  1977 | D:4      | Reached XP level 6. HP: 39/48 MP: 7/7
  2300 | D:4      | Reached skill level 4 in Ranged Weapons
  2393 | D:4      | Gained mutation: You have a pair of large antennae on your
                  | head. (SInv) [demonic ancestry]
  2393 | D:4      | Reached XP level 7. HP: 53/53 MP: 9/9
  2565 | D:4      | Found a hazy altar of Hepliaklqana.
  2568 | D:4      | Found a shadowy altar of Dithmenos.
  2569 | D:4      | Noticed a shadow
  2590 | D:5      | Entered Level 5 of the Dungeon
  2606 | D:5      | Reached ** piety under Okawaru
  2891 | D:5      | Reached skill level 5 in Ranged Weapons
  2891 | D:5      | Reached skill level 1 in Evocations
  2972 | D:6      | Noticed Dowan
  2973 | D:6      | Killed Dowan
  2976 | D:6      | Noticed Duvessa
  2979 | D:6      | Killed Duvessa
  2980 | D:6      | Gained mutation: You regenerate health from kills. [demonic
                  | ancestry]
  2980 | D:6      | Reached XP level 8. HP: 57/61 MP: 11/11
  3021 | D:6      | Reached *** piety under Okawaru
  3107 | D:6      | Found a shimmering altar of Xom.
  3117 | D:6      | Reached skill level 6 in Ranged Weapons
  3279 | D:6      | Reached skill level 5 in Invocations
  3412 | D:7      | Found a sand-covered staircase.
  3427 | Ossuary  | Entered an ossuary
  3680 | Ossuary  | Reached **** piety under Okawaru
  3681 | Ossuary  | Reached XP level 9. HP: 46/67 MP: 11/12
  3772 | Ossuary  | Reached skill level 1 in Axes
  4053 | D:7      | Reached skill level 1 in Shields
  4280 | D:7      | Reached skill level 5 in Fighting
  4281 | D:7      | HP: 2/60 [wight/+4 trident (2)]
  4282 | D:7      | Slain by a wight

Illustrated notes

Levels and vault maps discovered:
D:1:      ebering_trefoil_3fold, layout_basic, st_stairs_14, serial_bayou_ford_a
D:2:      layout_basic, hangedman_decor_growths, minmay_close_crescents
D:3:      layout_rooms, mainiacjoe_overflow_concentric_impassable,
          mainiacjoe_overflow_paths, shapermc_ecumenical_altar_acropolis,
          chequers_serial_rivers_micro_b
D:4:      layout_basic, riverfiend_overflow_shadow_ancestor,
          minmay_temple_entry_glass, uniq_sigmund
D:5:      layout_gridville
D:6:      layout_basic, xom_teletrap_fun, uniq_duvessa
D:7:      layout_loops_ring, enter_ossuary_3, roderic_batcave
Temple:   nicolae_temple_elliptical

Skill      XL: |  1  2  3  4  5  6  7  8  9 |
---------------+----------------------------+-----
Dodging        | 3 |  3.6
Ranged Weapons | 1 3 4 5 6 |  6.6
Stealth        | 1 2 3 |  3.7
Armour         | 1 2 3 |  3.3
Invocations    | 1 2 3 4 5 |  5.8
Fighting       | 3 4 5 |  5.1
Evocations     | 1 2 3 |  3.2
Throwing       | 2 |  2.3
Axes           | 2 |  2.0
Shields        | 1 |  1.4
Maces & Flails | |  2.9

Action                     |  1- 3 |  4- 6 |  7- 9 || total
---------------------------+-------+-------+-------++-------
  Melee: Flail             |    13 |       |       ||    13
         Hand axe          |       |       |   305 ||   305
   Fire: Triple crossbow   |    67 |    64 |    95 ||   226
  Throw: Stone             |       |       |    19 ||    19
         Dart              |       |       |     2 ||     2
 Invoke: Heroism           |       |       |     1 ||     1
    Use: Scroll            |     2 |       |     1 ||     3
         Potion            |       |       |     1 ||     1
   Stab: Sleeping          |       |       |     9 ||     9
 Armour: Leather armour    |    27 |     7 |    68 ||   102
  Dodge: Dodged            |    42 |    26 |   126 ||   194
  Block: Tower shield      |       |       |   188 ||   188
